 Dungeon Crawl Stone Soup version 0.26-b1-32-g5d43845318 (webtiles) character file.

Game seed: 8744906358126223563

75 Borgoz the Cudgeller (level 4, -5/38 HPs)
             Began as a Ghoul Gladiator on Jan 13, 2021.
             Slain by a human (8 damage)
             ... on level 2 of the Dungeon.
             The game lasted 00:01:34 (1568 turns).

Borgoz the Cudgeller (Ghoul Gladiator)              Turns: 1568, Time: 00:01:34

Health: -5/38      AC:  5    Str: 17    XL:     4   Next: 31%
Magic:  3/3        EV: 12    Int:  3    God:
Gold:   37         SH:  0    Dex: 11    Spells: 3/3 levels left

rFire    . . .     SeeInvis .   a - +0 flail
rCold    + . .     Faith    .   (no shield)
rNeg     + + +     Spirit   .   b - +0 leather armour
rPois    ∞         Reflect  .   c - +0 helmet
rElec    .         Harm     .   (no cloak)
rCorr    .         Rampage  .   h - +0 pair of gloves
Will     .....                  (no boots)
Stlth    +.........             (no amulet)
HPRegen  0.00/turn              (no ring)
MPRegen  0.08/turn              (no ring)

@: no status effects
A: claws 1, cold resistance 1, negative energy resistance 3, inhibited
regeneration, torment resistance, unbreathing
a: no special abilities


You were on level 2 of the Dungeon.
You visited 1 branch of the dungeon, and saw 2 of its levels.

You collected 37 gold pieces.

Inventory:

Hand Weapons
 a - a +0 flail (weapon)
Armour
 b - a +0 leather armour (worn)
 c - a +0 helmet (worn)
 h - a +0 pair of gloves (worn)
Scrolls
 e - a scroll of enchant weapon {unknown}
 f - 2 scrolls of identify {unknown}
 g - a scroll of fear {unknown}
 i - a scroll of fog {unknown}
 j - a scroll of remove curse {unknown}


   Skills:
 * Level 3.0 Fighting
 * Level 3.2 Maces & Flails
 - Level 1.7 Throwing
 * Level 1.5 Armour
 * Level 3.2 Dodging


You had 3 spell levels left.
You didn't know any spells.
Your spell library was empty.

Dungeon Overview and Level Annotations

Branches:
Dungeon (2/15)

Altars:
Yredelemnul


Innate Abilities, Weirdness & Mutations

You thrive by killing the living.
You are immune to poison.
You have sharp fingernails.
Your flesh is cold resistant. (rC+)
You are immune to negative energy. (rN+++)
You do not regenerate when monsters are visible.
You are immune to unholy pain and torment.
You can survive without breathing.


Message History

The human is severely wounded.
The human struggles against the net.
The net rips apart, and the human comes free!
You miss the human.
The human is severely wounded.
The human barely misses you.
You closely miss the human.
The human is severely wounded.
The human hits you.
* * * LOW HITPOINT WARNING * * *
You aren't carrying any potions.
Okay, then.
You barely miss the human.
The human is severely wounded.
The human hits you.
* * * LOW HITPOINT WARNING * * *
You closely miss the human.
The human is severely wounded.
The human hits you but does no damage. The human hits you!
You die...

.# ######.## ###........
#8......... ..........
#####......... ######
#...#.###.#+## .....#
#._.#.@p#..... .....#
#...#.###..... .....###
#####.........
.......#.#####..........
..##...#....##8.....#.##
#)#....#....###.##### #
#†#.#+##....# #..#
#.#....#....# ##÷#
#.#[...#....# #.#


You could see a human.

Vanquished Creatures
  A human zombie (D:2)
  An adder (D:2)
  3 dart slugs (D:1)
  9 goblins
  3 hobgoblins (D:1)
  6 bats
  2 frilled lizards
  A goblin zombie (D:2)
  3 kobolds
  3 rats
32 creatures vanquished.

Notes
Turn   | Place    | Note
-------+----------+-------------------------------------------
     0 | D:1      | Borgoz the Ghoul Gladiator began the quest for the Orb.
     0 | D:1      | Reached XP level 1. HP: 17/17 MP: 0/0
   313 | D:1      | Reached XP level 2. HP: 24/25 MP: 1/1
   692 | D:1      | Reached skill level 1 in Armour
   692 | D:1      | Reached XP level 3. HP: 29/30 MP: 2/2
  1243 | D:2      | Found a runed translucent door.
  1243 | D:2      | Noticed a human
  1285 | D:2      | Reached XP level 4. HP: 7/38 MP: 3/3
  1544 | D:2      | Found a basalt altar of Yredelemnul.
  1568 | D:2      | Slain by a human

Illustrated notes

Levels and vault maps discovered:
D:1:      lemuel_arrival_broad_hall, layout_basic
D:2:      layout_basic, lemuel_crystal_altar, dk_yredelemnul_ordeal,
          uniq_crazy_yiuf_cottage

Skill      XL: |  1  2  3 |
---------------+----------+-----
Maces & Flails | 3 |  3.2
Armour         | 1 |  1.5
Dodging        | 3 |  3.2
Fighting       | 3 |  3.0
Throwing       | |  1.7

Action                   |  1- 3 |  4- 6 || total
-------------------------+-------+-------++-------
Melee: Flail             |   128 |    16 ||   144
Throw: Throwing net      |     2 |     3 ||     5
  Use: Potion            |     1 |       ||     1
 Stab: Held in net/web   |     1 |       ||     1
Armor: Leather armour    |    54 |     1 ||    55
Dodge: Dodged            |    97 |     8 ||   105
